1963 views
Uploaded 2023-05-29 10:54:19
Game version 1.36 (6115)
13:46 long 1on1 ladder game on (2)Tidehunters_S2_v1.2
Saved by DKnight
1963 views
Uploaded 2023-05-29 10:54:19
Game version 1.36 (6115)
13:46 long 1on1 ladder game on (2)Tidehunters_S2_v1.2

50 units @ 5.7k
/ 0.5k
26 buildings @ 2.7k
/ 1.2k


| Scroll of Regeneration | 1 | 100 |
| total: | 1 | 100g |
| Peasant | 24 | 1800 | / | 0 |
| Footman | 9 | 1215 | / | 0 |
| Rifleman | 4 | 820 | / | 120 |
| Priest | 3 | 405 | / | 30 |
| Knight | 3 | 735 | / | 180 |
| Flying Machine | 7 | 700 | / | 210 |
| total: | 50 | 5675g | / | 540w |
| Scout Tower | 5 | 150 | / | 100 |
| Arcane Tower | 2 | 140 | / | 100 |
| Guard Tower | 1 | 70 | / | 50 |
| Altar of Kings | 1 | 180 | / | 50 |
| Farm | 11 | 880 | / | 220 |
| Barracks | 2 | 320 | / | 120 |
| Town Hall | 1 | 385 | / | 205 |
| Arcane Vault | 1 | 130 | / | 30 |
| Blacksmith | 1 | 140 | / | 60 |
| Lumber Mill | 1 | 120 | / | 0 |
| Arcane Sanctum | 1 | 150 | / | 140 |
| Workshop | 2 | 280 | / | 280 |
| Keep | 1 | 320 | / | 210 |
| Castle | 1 | 360 | / | 210 |
| total: | 26 | 2735g | / | 1205w |
| 0:02 | Peasant |
| 0:04 | Altar of Kings |
| 0:11 | Peasant |
| 0:19 | Farm |
| 0:19 | Barracks |
| 0:25 | Peasant |
| 0:41 | Peasant |
| 0:50 | Peasant |
| 0:55 | Farm |
| 1:03 | Peasant |
| 1:21 | Footman |
| 1:21 | Footman |
| 1:28 | Farm |
| 1:33 | Peasant |
| 1:42 | Footman |
| 1:42 | Footman |
| 1:55 | Footman |
| 1:58 | Peasant |
| 2:00 | Farm |
| 2:16 | Footman |
| 2:22 | Peasant |
| 2:24 | Summon Water Elemental |
| 2:31 | Peasant |
| 2:52 | Peasant |
| 2:59 | Footman |
| 3:04 | Peasant |
| 3:24 | Footman |
| 3:35 | Town Hall |
| 3:41 | Scout Tower |
| 3:44 | Brilliance Aura |
| 3:47 | Peasant |
| 3:51 | Farm |
| 4:08 | Footman |
| 4:12 | Arcane Tower |
| 4:15 | Scout Tower |
| 4:58 | Arcane Tower |
| 5:19 | Keep |
| 5:24 | Peasant |
| 5:24 | Peasant |
| 5:39 | Scout Tower |
| 5:46 | Arcane Vault |
| 5:49 | Blacksmith |
| 6:00 | Farm |
| 6:11 | Scout Tower |
| 6:14 | Lumber Mill |
| 6:28 | Summon Water Elemental |
| 6:39 | Scout Tower |
| 7:09 | Guard Tower |
| 7:11 | Farm |
| 7:14 | Farm |
| 7:48 | Arcane Sanctum |
| 7:50 | Peasant |
| 7:50 | Peasant |
| 7:52 | Scroll of Regeneration |
| 8:04 | Rifleman |
| 8:08 | Barracks |
| 8:15 | Castle |
| 8:18 | Peasant |
| 8:18 | Peasant |
| 8:33 | Rifleman |
| 8:51 | Holy Light |
| 8:56 | Black Gunpowder |
| 9:01 | Rifleman |
| 9:02 | Priest |
| 9:10 | Workshop |
| 9:40 | Divine Shield |
| 9:49 | Iron Plating |
| 9:49 | Iron Forged Swords |
| 10:11 | Priest |
| 10:11 | Priest |
| 10:17 | Flak Cannons |
| 10:19 | Workshop |
| 10:23 | Farm |
| 10:23 | Farm |
| 10:24 | Farm |
| 10:37 | Animal War Training |
| 10:38 | Knight |
| 10:41 | Flying Machine |
| 10:41 | Flying Machine |
| 11:24 | Knight |
| 12:03 | Flying Machine |
| 12:03 | Flying Machine |
| 12:03 | Flying Machine |
| 12:16 | Rifleman |
| 12:18 | Holy Light |
| 12:24 | Flying Machine |
| 12:53 | Blizzard |
| 13:03 | Peasant |
| 13:04 | Peasant |
| 13:05 | Knight |
| 13:20 | Flying Machine |
| 13:34 | Peasant |
| 13:34 | Peasant |
| 13:34 | Peasant |
| Right click | 863 |
| Select | 369 |
| Select group | 108 |
| Build/train/purchase | 99 |
| Assign group | 25 |
| Use ability | 10 |
| Remove unit | 9 |
| Misc. action | 1 |
19 units @ 2.9k
/ 0.3k
10 buildings @ 1.6k
/ 0.5k


| Rod of Necromancy | 2 | 300 |
| Orb of Corruption | 1 | 375 |
| Scroll of Healing | 1 | 250 |
| total: | 4 | 925g |
| Acolyte | 4 | 300 | / | 0 |
| Ghoul | 6 | 720 | / | 0 |
| Crypt Fiend | 5 | 1075 | / | 200 |
| Obsidian Statue | 4 | 800 | / | 140 |
| total: | 19 | 2895g | / | 340w |
| Crypt | 1 | 200 | / | 50 |
| Altar of Darkness | 1 | 180 | / | 50 |
| Ziggurat | 5 | 750 | / | 250 |
| Tomb of Relics | 1 | 130 | / | 30 |
| Graveyard | 1 | 215 | / | 0 |
| Slaughterhouse | 1 | 140 | / | 135 |
| Halls of the Dead | 1 | 320 | / | 210 |
| Black Citadel | 1 | 325 | / | 230 |
| total: | 10 | 1615g | / | 515w |
| 0:02 | Acolyte |
| 0:02 | Acolyte |
| 0:03 | Crypt |
| 0:14 | Altar of Darkness |
| 0:23 | Ziggurat |
| 0:33 | Acolyte |
| 0:42 | Acolyte |
| 1:05 | Tomb of Relics |
| 1:10 | Ghoul |
| 1:22 | Ghoul |
| 1:39 | Ghoul |
| 1:52 | Ziggurat |
| 2:13 | Rod of Necromancy |
| 2:15 | Death Coil |
| 2:40 | Halls of the Dead |
| 2:52 | Ghoul |
| 3:10 | Graveyard |
| 3:19 | Unholy Aura |
| 3:29 | Ghoul |
| 3:38 | Ziggurat |
| 3:55 | Rod of Necromancy |
| 4:18 | Ghoul |
| 5:26 | Crypt Fiend |
| 5:39 | Black Citadel |
| 5:50 | Slaughterhouse |
| 6:43 | Death Coil |
| 6:49 | Frost Nova |
| 6:51 | Crypt Fiend |
| 7:03 | Obsidian Statue |
| 7:15 | Ziggurat |
| 7:21 | Obsidian Statue |
| 8:10 | Destroyer Form |
| 8:35 | Crypt Fiend |
| 8:38 | Creature Attack |
| 8:43 | Scroll of Healing |
| 8:46 | Orb of Corruption |
| 9:12 | Dark Ritual |
| 9:16 | Ziggurat |
| 9:17 | Crypt Fiend |
| 10:04 | Obsidian Statue |
| 10:20 | Unholy Aura |
| 10:33 | Obsidian Statue |
| 11:12 | Web |
| 11:55 | Frost Nova |
| 11:59 | Crypt Fiend |
| 13:07 | Death Coil |
| Right click | 879 |
| Select group | 781 |
| Select | 313 |
| Misc. action | 94 |
| Build/train/purchase | 61 |
| Assign group | 53 |
| Use ability | 33 |
| Chat | 3 |
| Item give/drop | 1 |
| Remove unit | 1 |
| Esc | 1 |